 Dungeon Crawl Stone Soup version 0.26-a0-812-g31a745ddcd (webtiles) character file.

Game seed: 6486266806115051020

32827 tognito the Executioner (level 13, -6/142 HPs)
             Began as a Minotaur Berserker on Nov 21, 2020.
             Was a High Priest of Trog.
             Mangled by a phantasmal warrior (23 damage)
             ... on level 15 of the Dungeon.
             The game lasted 00:48:51 (16854 turns).

tognito the Executioner (Minotaur Berserker)       Turns: 16854, Time: 00:48:52

Health: -6/142     AC: 22    Str: 28    XL:     13   Next: 33%
Magic:  12/12      EV:  9    Int:  4    God:    Trog [*****.]
Gold:   762        SH:  0    Dex:  9    Spells: 12/12 levels left

rFire    . . .     SeeInvis .   a - +3 battleaxe
rCold    . . .     Faith    .   (shield currently unavailable)
rNeg     . . .     Spirit   .   x - +0 plate armour
rPois    .         Reflect  .   (helmet restricted)
rElec    .         Harm     .   q - +1 cloak
rCorr    .         Rampage  .   r - +0 pair of gloves
MR       +....                  (no boots)
Stlth    ..........             (no amulet)
HPRegen  0.33/turn              c - +4 ring of protection
MPRegen  0.13/turn              o - ring of protection from magic

@: berserking, very quick
A: retaliatory headbutt, horns 2
a: Berserk, Trog's Hand, Brothers in Arms, Renounce Religion


You were on level 15 of the Dungeon.
You worshipped Trog.
Trog was extremely pleased with you.
You visited 1 branch of the dungeon, and saw 15 of its levels.
You also visited: Sewer and Ossuary.

You collected 762 gold pieces.

Inventory:

Hand Weapons
 a - a +3 battleaxe (weapon)
Missiles
 d - 202 bolts
 v - 18 boomerangs
 y - 16 poisoned darts (quivered)
Armour
 f - a scarf of invisibility
 q - a +1 cloak (worn)
 r - a +0 pair of gloves (worn)
 x - a +0 plate armour (worn)
Jewellery
 c - a +4 ring of protection (left hand)
 o - a ring of protection from magic (right hand)
 p - an uncursed ring of wizardry {unknown}
 u - an uncursed ring of resist corrosion
Wands
 h - a wand of iceblast (20)
 w - a wand of random effects (32)
 A - a wand of paralysis (41)
 K - a wand of flame (16)
 L - a wand of digging (5)
Scrolls
 b - 3 scrolls of teleportation
 e - 9 scrolls of identify
 i - a scroll of enchant weapon
 j - 12 scrolls of remove curse
 s - a scroll of summoning
 z - a scroll of brand weapon {unknown}
 D - 2 scrolls of magic mapping
 G - 6 scrolls of fear
 H - 2 scrolls of enchant armour
 I - 3 scrolls of blinking
Potions
 g - a potion of might {unknown}
 k - 3 potions of cancellation
 l - a potion of heal wounds
 m - 2 potions of ambrosia {unknown}
 n - 4 potions of flight
 t - 5 potions of curing
 B - 3 potions of lignification {unknown}
 C - a potion of magic
 F - a potion of haste {unknown}
Miscellaneous
 E - a lightning rod (4/4)
 J - a tin of tremorstones (1/2)


   Skills:
 - Level 3.6 Fighting
 * Level 22.8 Axes
 + Level 9.7 Armour
 + Level 2.6 Dodging
 - Level 0.1 Evocations


You had 12 spell levels left.
You didn't know any spells.
Your spell library was empty.

Dungeon Overview and Level Annotations

Branches:
Dungeon (15/15)            Temple (0/1) D:5            Lair (0/6) D:9
    Orc (0/2) D:11         Vaults (0/5) D:13         Depths (0/5) D:15
  Sewer (visited)         Ossuary (visited)

Altars:
Ashenzari
Cheibriados
Dithmenos
Gozag
Makhleb
Okawaru
Sif Muna
Uskayaw
Xom
The Shining One

Shops:
D:11 *   D:14 !


Innate Abilities, Weirdness & Mutations

You reflexively headbutt those who attack you in melee.
You have a pair of horns on your head.


Message History

You slash the spriggan berserker zombie!
Your headbutt misses the spriggan berserker zombie.
The spriggan berserker zombie is heavily damaged.
You slash the stone giant zombie! You hit the phantasmal warrior.
The phantasmal warrior hits you.
* * * LOW HITPOINT WARNING * * *
You slice the spriggan berserker zombie!!
The spriggan berserker zombie is severely damaged.
You slash the stone giant zombie!
Your plate armour prevents you from hitting the phantasmal warrior.
You hit the phantasmal warrior.
Your headbutt misses the phantasmal warrior.
The phantasmal warrior is almost destroyed.
You slash the spriggan berserker zombie!
You slash the stone giant zombie!
A skeletal warrior comes into view. It is wielding a +0 short sword.
The stone giant zombie barely misses you.
The spriggan berserker zombie hits you but does no damage.
The phantasmal warrior hits you!!
You die...

########## #........#
#########...(....#
#......##........#####
#...(W.##........#...#
#....@)....##(.###.#.#
#....ZZ###.##...##.#..
.....P..P# #...#...#...#
..?88..P8.####.....###.#
P.PP.......####.#...##.#
..?...P...[.........))..
.......8.P..####....[...
z........8..# #....)...
....>P......# ###.....#


You could see a skeletal warrior, a phantasmal warrior, a spriggan berserker
zombie and a stone giant zombie.

Vanquished Creatures
  Frances (D:13)
  Azrael (D:12)
  A centaur warrior (D:13)
  4 two-headed ogres
  2 dancing weapons (D:13)
  An ogre mage (D:15)
  Erica (D:9)
  2 tengu warriors (D:15)
  3 unseen horrors
  A wizard (D:15)
  A wolf spider zombie (D:13)
  3 ugly things
  A shadow dragon skeleton (D:15)
  2 deep elf magi (D:15)
  A manticore (D:13)
  Joseph (D:7)
  2 gargoyles (D:12)
  A rime drake (shapeshifter) (D:15)
  4 trolls
  3 hornets
  Grinder (D:6)
  18 slime creatures
  Prince Ribbit (D:5)
  A meliai zombie (D:11)
  2 wraiths
  Eustachio (D:6)
  16 yaks
  A wyvern (D:15)
  3 fire elementals (D:12)
  Edmund (D:6)
  5 vampire mosquitoes
  An acid dragon (D:14)
  A soldier ant (D:14)
  3 hell hounds (D:12)
  An orc warrior (D:12)
  A black bear (D:9)
  A necrophage (D:4)
  3 sky beasts
  A phantom (D:9)
  A wolf (D:11)
  6 ogres
  7 centaurs
  2 big kobolds
  9 bullfrogs
  3 scorpions
  11 killer bees
  11 wights
  5 howler monkeys
  3 bullfrog zombies
  A human zombie (Ossuary)
  A centaur zombie (D:8)
  2 jellies (D:9)
  10 orc wizards
  5 hounds
  3 orc priests
  A bullfrog skeleton (D:7)
  A quasit (D:13)
  4 centaur skeletons
  4 iguanas
  Terence (D:3)
  10 worker ants
  A killer bee zombie (D:6)
  A hound zombie (D:6)
  A hound skeleton (D:4)
  3 mummies (Ossuary)
  A worker ant zombie (D:11)
  Robin (D:3)
  A howler monkey zombie (D:10)
  12 gnolls
  15 adders
  A river rat (Sewer)
  2 shadow imps
  3 white imps
  An ufetubus (D:6)
  3 adder zombies
  4 worms
  2 dart slugs
  9 leopard geckos
  34 orcs
  4 giant cockroaches
  A gnoll zombie (Ossuary)
  16 goblins
  9 hobgoblins
  11 jackals
  14 kobolds
  4 quokkas
  4 ball pythons
  10 bats
  7 frilled lizards
  2 goblin skeletons (D:8)
  2 goblin zombies
  4 hobgoblin zombies
  A kobold zombie (Ossuary)
  6 orc zombies
  A quokka zombie (D:9)
  6 rats
396 creatures vanquished.

Vanquished Creatures (collateral kills)
  A hydra (D:11)
  A two-headed ogre (D:15)
  A freezing wraith (D:15)
  A troll (D:13)
  A yak (D:15)
  Grum (D:11)
  2 wolves (D:11)
  An iguana (D:13)
9 creatures vanquished.

Vanquished Creatures (others)
  5 dream sheep (D:7)
  A worker ant (D:13)
  7 fungi (D:3)
  2 plants
  3 toadstools (D:3)
  A withered plant (D:15)
19 creatures vanquished.

Grand Total: 424 creatures vanquished

Notes
Turn   | Place    | Note
-------+----------+-------------------------------------------
     0 | D:1      | tognito the Minotaur Berserker began the quest for the Orb.
     0 | D:1      | Reached XP level 1. HP: 19/19 MP: 0/0
    90 | D:1      | Reached skill level 4 in Axes
   148 | D:1      | Reached XP level 2. HP: 26/26 MP: 1/1
   416 | D:1      | Reached skill level 5 in Axes
   417 | D:1      | Reached ** piety under Trog
   478 | D:1      | Reached XP level 3. HP: 31/31 MP: 2/2
  1661 | D:2      | Reached skill level 6 in Axes
  1661 | D:2      | Reached XP level 4. HP: 28/39 MP: 3/3
  1909 | D:3      | HP: 2/58 [gnoll/+0 club (1)]
  2695 | D:3      | Reached skill level 7 in Axes
  2695 | D:3      | Reached XP level 5. HP: 28/45 MP: 4/4
  2728 | D:3      | Reached *** piety under Trog
  2877 | D:3      | Noticed Terence
  2887 | D:3      | Killed Terence
  2975 | D:3      | Noticed Robin
  2984 | D:3      | Killed Robin
  2984 | D:3      | Reached skill level 8 in Axes
  3276 | D:4      | Noticed a necrophage
  3282 | D:4      | Reached XP level 6. HP: 51/51 MP: 5/5
  3290 | D:4      | Reached skill level 9 in Axes
  3504 | D:4      | Found a burning altar of Makhleb.
  3508 | D:4      | Reached XP level 7. HP: 57/57 MP: 6/6
  3813 | D:4      | Reached **** piety under Trog
  3819 | D:4      | Found an opulent altar of Gozag.
  3832 | D:4      | Reached skill level 10 in Axes
  4171 | D:5      | Entered Level 5 of the Dungeon
  4290 | D:5      | Found a staircase to the Ecumenical Temple.
  4364 | D:5      | Noticed Prince Ribbit
  4373 | D:5      | Killed Prince Ribbit
  4373 | D:5      | Reached skill level 11 in Axes
  4603 | D:5      | Found a broken altar of Ashenzari.
  4690 | D:5      | Reached XP level 8. HP: 64/64 MP: 7/7
  4725 | D:5      | Found an iron altar of Okawaru.
  4886 | D:6      | Noticed Grinder
  4898 | D:6      | Killed Grinder
  4898 | D:6      | Reached skill level 12 in Axes
  5079 | D:6      | Found a glowing drain.
  5089 | Sewer    | Entered a sewer
  5382 | Sewer    | Found a white marble altar of Elyvilon.
  5482 | D:6      | Noticed Edmund
  5488 | D:6      | Killed Edmund
  5488 | D:6      | Reached skill level 13 in Axes
  5543 | D:6      | Noticed Eustachio
  5555 | D:6      | Killed Eustachio
  5704 | D:6      | Reached XP level 9. HP: 70/70 MP: 8/8
  5731 | D:6      | Reached ***** piety under Trog
  5739 | D:6      | Reached skill level 14 in Axes
  5794 | D:6      | Found a hide-covered altar of Uskayaw.
  5996 | D:6      | Found a shimmering altar of Xom.
  6219 | D:7      | Noticed Joseph
  6234 | D:7      | Killed Joseph
  6241 | D:7      | Reached skill level 15 in Axes
  6442 | D:7      | Found a shimmering altar of Xom.
  6722 | D:7      | Got a warped scale mail
  6723 | D:7      | Identified the +1 scale mail "Pourebull" {rC+ rN+ Str+3}
                  | (You found it on level 7 of the Dungeon)
  6849 | D:8      | Reached skill level 16 in Axes
  6898 | D:8      | Found a glowing golden altar of the Shining One.
  7057 | D:8      | Found a shadowy altar of Dithmenos.
  7059 | D:8      | Found a snail-covered altar of Cheibriados.
  7059 | D:8      | Found a shimmering blue altar of Sif Muna.
  7115 | D:8      | Reached XP level 10. HP: 74/77 MP: 9/9
  7124 | D:8      | Found a sand-covered staircase.
  7131 | Ossuary  | Entered an ossuary
  7509 | D:9      | Found a staircase to the Lair.
  8004 | D:9      | Reached skill level 17 in Axes
  8096 | D:9      | Received a gift from Trog
  8353 | D:9      | Noticed Erica
  8364 | D:9      | Killed Erica
  8557 | D:10     | Entered Level 10 of the Dungeon
  8561 | D:10     | Reached skill level 18 in Axes
  9052 | D:10     | Noticed a lindwurm
  9083 | D:10     | Noticed a lindwurm
  9084 | D:10     | Noticed a lindwurm
  9092 | D:10     | Noticed a lindwurm
  9815 | D:11     | Noticed Grum
  9821 | D:11     | Killed Grum
  9822 | D:11     | Found a staircase to the Orcish Mines.
  9982 | D:11     | Reached XP level 11. HP: 76/82 MP: 10/10
 10037 | D:11     | Found a shadowy altar of Dithmenos.
 10046 | D:11     | Found Qaluduc's Assorted Antiques.
 10053 | D:11     | Noticed a seven-headed hydra
 10058 | D:11     | Killed a seven-headed hydra
 10241 | D:11     | Noticed a red ugly thing
 10249 | D:11     | Killed a red ugly thing
 10249 | D:11     | Reached skill level 19 in Axes
 10602 | D:12     | Noticed Azrael
 10996 | D:12     | Noticed a brown ugly thing
 11009 | D:12     | Killed a brown ugly thing
 11523 | D:12     | Reached skill level 20 in Axes
 11524 | D:12     | Killed Azrael
 12205 | D:12     | Received a gift from Trog
 12451 | D:13     | Noticed a +4 long sword
 12453 | D:13     | Noticed a +10 long sword
 12467 | D:13     | Killed a +4 long sword
 12467 | D:13     | Reached skill level 21 in Axes
 12467 | D:13     | Reached XP level 12. HP: 20/90 MP: 11/11
 12895 | D:13     | Noticed a centaur warrior
 12906 | D:13     | Killed a centaur warrior
 13142 | D:13     | HP: 2/135 [cyan ugly thing (14)]
 13700 | D:13     | Noticed Frances
 13717 | D:13     | Killed Frances
 13717 | D:13     | Reached skill level 5 in Armour
 14285 | D:13     | Found a gate to the Vaults.
 14508 | D:14     | Reached skill level 22 in Axes
 14871 | D:14     | Found Jetiwk's Distillery.
 15035 | D:15     | Entered Level 15 of the Dungeon
 15380 | D:14     | Noticed a two-headed ogre
 15387 | D:14     | Killed a two-headed ogre
 15804 | D:15     | Noticed a tengu warrior
 15808 | D:15     | Noticed a tengu warrior
 15819 | D:15     | Killed a tengu warrior
 15822 | D:15     | Killed a tengu warrior
 15822 | D:15     | Reached XP level 13. HP: 60/95 MP: 12/12
 16837 | D:15     | Found a staircase to the Depths.
 16854 | D:15     | Mangled by a phantasmal warrior

Illustrated notes

Levels and vault maps discovered:
D:1:      evilmike_arrival_plus, layout_loops_cross
D:2:      lemuel_upstairs_altar, layout_basic
D:3:      layout_basic, minmay_gold_behind_fungi,
          wander_ebering_terrifying_dragon_lair, uniq_terence, uniq_robin
D:4:      layout_basic, old_standard_altar, makhleb_heckhound_becter,
          chequers_serial_rivers_micro_a
D:5:      layout_cave_pools, evilmike_ruin_ashenzari, minmay_temple_entry_wispy,
          amethyst_killhole, kennysheep_okawaru_gauntlet, uniq_prince_ribbit1
D:6:      layout_loops_cross, nicolae_overflow_crystal_walls, xom_butterflies,
          portal_sewer_entry_d, uniq_grinder, uniq_eustachio, uniq_edmund
D:7:      layout_basic, kb_xom_exploding_sheep, uniq_joseph
D:8:      layout_gridville, nicolae_tso_besieged_by_evil,
          gammafunk_temple_overflow_forgotten, enter_ossuary_2
D:9:      layout_basic, lair_entry_dummy, minmay_chambers_of_fives, uniq_erica
D:10:     layout_long_grid, minmay_lindwurm_lava
D:11:     layout_basic, orc_0_dummy, serial_shops, nicolae_shop_stone,
          kb_lookout_dungeons_type, lemuel_statue_altar, uniq_grum
D:12:     layout_basic, minmay_holes, blue_anna_alchemist
          [blue_anna_fruit_fields, blue_anna_fruit_fields], uniq_azrael
D:13:     layout_roguey, erik_vaults_1, gauntlet_entry_generic,
          lemuel_old_faithful, uniq_frances
D:14:     layout_irregular_city, serial_shops, nicolae_shop_trees,
          minmay_misc_feat_rugged
D:15:     gammafunk_depths_entry_grave, layout_rooms, roderic_serpentine_path

Skill      XL: |  1  2  3  4  5  6  7  8  9 10 11 12 13 |
---------------+----------------------------------------+-----
Axes           | 4 5 6 7 8 9 11 13 16 18 21 22 | 22.8
Armour         | 3 8 9 |  9.7
Fighting       | |  3.6
Dodging        | |  2.6
Evocations     | |  0.1

Action                   |  1- 3 |  4- 6 |  7- 9 | 10-12 | 13-15 || total
-------------------------+-------+-------+-------+-------+-------++-------
Melee: Hand axe          |   101 |   118 |    43 |       |       ||   262
       Headbutt          |    13 |    18 |    39 |    79 |    17 ||   166
       War axe           |       |       |   198 |       |       ||   198
       Battleaxe         |       |       |    48 |   454 |    70 ||   572
Throw: Dart              |       |    28 |    12 |     2 |     6 ||    48
       Boomerang         |       |       |     3 |    55 |       ||    58
Invok: Berserk           |       |     2 |     2 |     5 |     2 ||    11
       Trog's Hand       |       |       |     2 |     1 |     2 ||     5
       Brothers in Arms  |       |       |       |     4 |     2 ||     6
 Abil: Evoke Invisibilit |       |     2 |       |       |       ||     2
Evoke: Wand              |       |     1 |     2 |    13 |       ||    16
       Lightning rod     |       |       |       |     7 |       ||     7
       Tin of tremorston |       |       |       |     1 |       ||     1
  Use: Potion            |     3 |     2 |     4 |       |     1 ||    10
       Scroll            |     3 |       |    11 |     9 |       ||    23
Armor: Animal skin       |    25 |       |       |       |       ||    25
       Ring mail         |    22 |     6 |       |       |       ||    28
       Scale mail        |       |    44 |    32 |       |       ||    76
       Chain mail        |       |       |   140 |   187 |       ||   327
       Plate armour      |       |       |       |    63 |    62 ||   125
Dodge: Dodged            |    77 |    60 |   109 |   176 |    24 ||   446

Table legend: (Time is in decaauts)
 A = Elapsed time spent in this place.
 B = Non-inter-level travel time spent in this place.
 C = Inter-level travel time spent in this place.
 D = Time resting spent in this place.
 E = Time spent auto-exploring this place.
 F = Levels seen in this place.
 G = Mean time per level.
                   A        B        C        D        E       F      G
               +--------+--------+--------+--------+--------+-----+--------+
         Total |  16822 |  16254 |    568 |      0 |  13644 |  17 |  989.5 |
       Dungeon |  16288 |  15720 |    568 |      0 |  13225 |  15 | 1085.9 |
         Sewer |    353 |    353 |      0 |      0 |    304 |   1 |  353.0 |
       Ossuary |    181 |    181 |      0 |      0 |    115 |   1 |  181.0 |
               +--------+--------+--------+--------+--------+-----+--------+

Top non-repeatable levels by time:
    D:13: 2089 daAuts
    D:12: 1830 daAuts
     D:3: 1456 daAuts
    D:11: 1175 daAuts
    D:14: 1168 daAuts
    D:15: 1054 daAuts
     D:9: 1033 daAuts
     D:6: 970 daAuts
     D:2: 950 daAuts
    D:10: 949 daAuts
     D:4: 902 daAuts
     D:1: 876 daAuts
     D:5: 710 daAuts
     D:7: 641 daAuts
     D:8: 479 daAuts
